Construct Section Command Post
Selects Heavy Armor Battlegroup
Construct Platoon Command Post
Selects Rigorous Vehicle Training
Selects Forward Repair Assembly
Selects UNKNOWN (2162094)
Unlock Bishop Self-propelled Artillery
Construct Field Infirmary
6-pounder Anti-tank Gun Team
Bishop Self-propelled Artillery
Selects Light Vehicle Withdraw and Refit
Bishop Self-propelled Artillery
Construct Company Command Post
Bishop Self-propelled Artillery
Unlock Towed 17-pounder Anti-tank Guns